 Dungeon Crawl Stone Soup version 0.28.0-53-g5a82cb258f (webtiles) character file.

Game seed: 9841947061240253161

886 Zeld the Magician (level 7, -5/36 HPs)
             Began as a Deep Elf Fire Elementalist on May 22, 2022.
             Slain by a yak (14 damage)
             ... on level 9 of the Dungeon.
             The game lasted 00:06:58 (7277 turns).

Zeld the Magician (Deep Elf Fire Elementalist)      Turns: 7277, Time: 00:06:59

Health: -5/36      AC:  4    Str:  5    XL:     7   Next: 77%
Magic:  13/19      EV: 13    Int: 22    God:
Gold:   204        SH:  0    Dex: 11    Spells: 13/19 levels left

rFire   + + .      SeeInvis .   (no weapon)
rCold   . . .      Faith    .   (no shield)
rNeg    . . .      Spirit   .   a - +1 robe of Ignis's Favour {rPois rF++ Dex-4}
rPois   +          Reflect  .   j - +0 helmet
rElec   .          Harm     .   (no cloak)
rCorr   .          Rampage  .   (no gloves)
Will    .....                   (no boots)
Stlth   ++........              (no amulet)
HPRegen 0.12/turn               (no ring)
MPRegen 0.16/turn               (no ring)

@: no status effects
A: no striking features
a: no special abilities


You were on level 9 of the Dungeon.
You visited 1 branch of the dungeon, and saw 7 of its levels.

You collected 204 gold pieces.

Inventory:

Armour
 a - the +1 robe of Ignis's Favour (worn) {rPois rF++ Dex-4}
   (You found it on level 2 of the Dungeon)

   Dex:       It affects your dexterity (-4).
   rF:        It greatly protects you from fire.
   rPois:     It protects you from poison.
 j - a +0 helmet (worn)
Scrolls
 b - 5 scrolls of identify {unknown}
 d - a scroll of amnesia {unknown}
 f - 3 scrolls of teleportation {unknown}
 i - a scroll of brand weapon {unknown}
 k - a scroll of enchant weapon {unknown}
 l - 2 scrolls of fear {unknown}
 n - a scroll of enchant armour {unknown}
 o - a scroll of vulnerability {unknown}
 p - a scroll of torment {unknown}
Potions
 c - 3 potions of degeneration {unknown}
 e - 3 potions of curing {unknown}
 g - 3 potions of mutation {unknown}
 h - 2 potions of heal wounds {unknown}
 m - a potion of resistance {unknown}
 q - a potion of cancellation {unknown}
 s - a potion of berserk rage {unknown}
 t - a potion of attraction {unknown}


   Skills:
 + Level 4.5 Dodging
 - Level 2.4 Stealth
 * Level 6.9 Spellcasting
 + Level 3.6 Conjurations
 + Level 3.7 Hexes
 * Level 6.3 Fire Magic


You had 13 spell levels left.
You knew the following spells:

 Your Spells              Type           Power      Damage    Failure   Level
a - Foxfire               Conj/Fire      100%       2x1d9     1%          1
b - Scorch                Fire           70%        2d8       1%          2
c - Inner Flame           Hex/Fire       29%        N/A       3%          3

Your spell library contained the following spells:

 Spells                   Type           Power      Damage    Failure   Level
 Conjure Flame            Conj/Fire      29%        6-21      3%          3
 Flame Wave               Conj/Fire      29%        2d8       11%         4


Dungeon Overview and Level Annotations

Branches:
Dungeon (9/15)
 Temple: D:4-7         Lair: D:8-11         Orc: D:9-12

Altars:
Cheibriados
Okawaru
Wu Jian
Yredelemnul
The Shining One

Annotations:
D:8 Erica


Message History

Confirm with . or Enter, or press ? or * to list all spells.
Flames lash the yak.
The yak is burned terribly!
The yak is severely wounded.
The yak closely misses you.
Casting: Scorch (safe; 1% risk of failure)
Confirm with . or Enter, or press ? or * to list all spells.
Flames lash the yak.
The yak is burned terribly!
You kill the yak!
Unknown command.
Casting: Scorch (safe; 1% risk of failure)
Confirm with . or Enter, or press ? or * to list all spells.
You can't see any susceptible monsters within range! (Use Z to cast anyway.)
You start resting.
HP restored.
You start resting.
Magic restored.
You climb upwards.
Level annotation: Erica The yak misses you.
The yak gores you!
There is a stone staircase leading down, spattered with blood here.
Casting: Scorch (safe; 1% risk of failure)
Confirm with . or Enter, or press ? or * to list all spells.
Flames lash the yak.
The yak is moderately wounded.
The yak's fire resistance burns away.
The yak gores you but does no damage. The yak closely misses you.
You climb downwards.
There is a stone staircase leading up here.
Casting: Scorch (safe; 1% risk of failure)
Confirm with . or Enter, or press ? or * to list all spells.
Flames lash the yak.
The yak is moderately wounded.
The yak's fire resistance burns away.
The yak gores you!
* * * LOW HITPOINT WARNING * * *
Casting: Scorch (safe; 1% risk of failure)
Confirm with . or Enter, or press ? or * to list all spells.
Flames lash the yak.
The yak is burned terribly!
The yak is heavily wounded.
The yak gores you!
You die...

.# .# ##.# #..#
#..# #..#####
########......#
.......@......#
........Y.....#
..............#
.(............#
..#####.......#
. #......##
#......# ..
#......#
#.#####......#


You could see a yak (combustible).

Vanquished Creatures
  2 yaks
  2 ogres (D:4)
  2 scorpions
  A bullfrog skeleton (D:3)
  A jelly (D:3)
  An orc priest (D:4)
  An iguana (D:3)
  An orc wizard (D:4)
  A hound zombie (D:3)
  Robin (D:2)
  A howler monkey skeleton (D:5)
  4 adders
  2 worms (D:3)
  3 dart slugs
  12 orcs
  10 endoplasms
  5 giant cockroaches
  16 goblins
  2 hobgoblins (D:2)
  3 jackals (D:2)
  7 kobolds
  8 quokkas
  5 ball pythons
  7 bats
  3 frilled lizards
  A quokka skeleton (D:4)
  6 rats (D:1)
108 creatures vanquished.

Vanquished Creatures (collateral kills)
  2 foxfires (D:1)
2 creatures vanquished.

Vanquished Creatures (others)
  137 foxfires
  39 fungi (D:9)
  57 plants
233 creatures vanquished.

Grand Total: 343 creatures vanquished

Notes
Turn   | Place    | Note
-------+----------+-------------------------------------------
     0 | D:1      | Zeld the Deep Elf Fire Elementalist began the quest for the
                  | Orb.
     0 | D:1      | Reached XP level 1. HP: 10/10 MP: 6/6
   258 | D:1      | Reached XP level 2. HP: 15/15 MP: 1/8
   331 | D:1      | Learned a level 2 spell: Scorch
  1141 | D:1      | Found a faded altar of an unknown god.
  1227 | D:1      | Reached XP level 3. HP: 19/19 MP: 7/10
  1233 | D:1      | Learned a level 3 spell: Inner Flame
  2476 | D:2      | Identified the +1 robe of Ignis's Favour {rPois rF++ Dex-4}
  2560 | D:2      | Noticed Robin
  2577 | D:2      | Reached XP level 4. HP: 24/24 MP: 0/12
  3023 | D:2      | Killed Robin
  3235 | D:3      | Reached skill level 1 in Hexes
  3618 | D:3      | Reached XP level 5. HP: 28/28 MP: 4/13
  3955 | D:3      | Reached skill level 5 in Spellcasting
  4182 | D:3      | Reached skill level 5 in Fire Magic
  4353 | D:3      | Found an ornate altar of the Wu Jian Council.
  4478 | D:4      | Found a snail-covered altar of Cheibriados.
  4564 | D:4      | Noticed an ogre
  4579 | D:4      | Killed an ogre
  4580 | D:4      | Reached XP level 6. HP: 32/32 MP: 8/16
  5028 | D:4      | Found a basalt altar of Yredelemnul.
  5627 | D:4      | Reached XP level 7. HP: 23/36 MP: 12/18
  6066 | D:4      | Found a glowing golden altar of the Shining One.
  6066 | D:4      | Found an iron altar of Okawaru.
  6322 | D:5      | Entered Level 5 of the Dungeon
  6585 | D:5      | You fall into a shaft and drop 3 floors!
  6585 | D:8      | Noticed Erica
  6585 | D:8      | Noticed a yak
  6585 | D:8      | Noticed a yak
  6742 | D:9      | Noticed a two-headed ogre
  6742 | D:9      | Noticed a wyvern
  6786 | D:8      | Noticed a yak
  7075 | D:8      | Noticed a yak
  7076 | D:8      | Noticed a yak
  7092 | D:8      | Killed a yak
  7230 | D:9      | Killed a yak
  7277 | D:9      | Slain by a yak

Illustrated notes

Levels and vault maps discovered:
D:1:      tarquinn_simple_flora_water_a, layout_basic,
          hellmonk_ecumenical_altar_zigzags, supply_closet_lemuel,
          minmay_tromino_v4_a
D:2:      layout_basic, uniq_robin
D:3:      layout_rooms, nzn_wu_jian_council_hall,
          chequers_serial_rivers_micro_e, amcnicky_mini_pool_small,
          chequers_garden
D:4:      layout_cave_pods, cheibriados_altar_1, old_standard_altar,
          jmf_multi_god_temple
D:5:      lemuel_insect_pit, layout_basic, nicolae_qazlal_style_of_elements,
          patterned_corridor, uniq_ijyb
D:8:      layout_layer_cave, nicolae_gozag_seed_capital,
          gammafunk_ghost_stat_death, eino_tiny_chamber, nicolae_shop_gadgets,
          uniq_erica
D:9:      layout_irregular_city, due_lair_maze_entry_diamond, serial_shops,
          nicolae_inconvenience_store, serial_bayou_crossing

Skill      XL: |  1  2  3  4  5  6  7 |
---------------+----------------------+-----
Fire Magic     | 4 5 6 |  6.3
Spellcasting   | 4 5 6 |  6.9
Dodging        | 3 4 |  4.5
Conjurations   | 2 3 |  3.6
Hexes          | 1 2 3 |  3.7
Stealth        | |  2.4

Action                   |  1- 3 |  4- 6 |  7- 9 || total
-------------------------+-------+-------+-------++-------
Melee: Unarmed           |    20 |    29 |       ||    49
       Punch             |     1 |     1 |       ||     2
 Cast: Foxfire           |    82 |     6 |     1 ||    89
       Scorch            |    27 |    69 |    27 ||   123
       Inner Flame       |       |     1 |     1 ||     2
 Stab: Sleeping          |     1 |       |       ||     1
Armor: Robe              |     4 |    25 |     9 ||    38
Dodge: Dodged            |    32 |    37 |    15 ||    84
